[Event "*** Titled Tuesday Blitz"]
[Site "Chess.com"]
[Date "2021.02.09"]
[Round "8"]
[White "BigAl"]
[Black "Aygehovit1992"]
[Result "0-1"]
[WhiteElo "2467"]
[BlackElo "2611"]
[TimeControl "180+1"]
[EndTime "11:29:25 PST"]
[Termination "Aygehovit1992 won on time"]

1. Nf3 g6 2. e4 Bg7 3. d4 d6 4. Nc3 Nf6 5. Be3 O-O 6. Qd2 Ng4 7. Bg5 h6 8. Bh4 g5 9. h3 gxh4 10. hxg4 Bxg4 11. Rxh4 Bxf3 12. gxf3 e5 13. Rh5 Nc6 14. O-O-O Nxd4 15. Be2 c6 16. Rg1 Qf6 17. Kb1 Kh7 18.
Bd1 Rg8 19. Rgh1 Bf8 20. Ne2 Nxe2 21. Bxe2 Rg6 22. Bc4 Bg7 23. Rf5 Qd8 24. Rxf7 b5 25.
Bb3 a5 26. a4 bxa4 27. Bxa4 Rb8 28. b3 d5 29. f4 exf4 30. e5 Qg5 31. Qd3 Qxe5 32.
c3 Qe4 33. Qxe4 dxe4 34. Kc2 Rg2 35. Bxc6 Rxf2+ 36. Kc1 e3 37. Be4+ Kh8 38. Rg1 Rg8 39.
Kd1 e2+ 40. Ke1 Bxc3+ 41. Kxf2 Rxg1 42. Kxe2 Re1+ 43. Kf3 Be5 44. Bf5 Kg8 45. Re7 h5 0-1

[Event "*** Titled Tuesday Blitz"]
[Site "Chess.com"]
[Date "2021.02.09"]
[Round "8"]
[White "manmanlai1"]
[Black "Meri-Arabidze"]
[Result "1-0"]
[WhiteElo "2483"]
[BlackElo "2591"]
[TimeControl "180+1"]
[EndTime "11:29:25 PST"]
[Termination "manmanlai1 won on time"]

1. c4 e6 2. Nc3 d5 3. cxd5 exd5 4. Nf3 Nf6 5. e3 c5 6. d4 Nc6 7. Bd3 Bd6 8. dxc5 Bxc5 9. O-O O-O 10. Ne2 a6 11. b3 Bg4 12. Bb2 Bxf3 13. gxf3 d4 14. Rc1 Ba7 15. e4 Ne5 16. f4 Ng6 17. f5 Ne5 18. Kh1 Nfg4 19. h3 Qh4 20. Kg2 Nxd3 21. Qxd3 Ne5 22. Qg3 Qxg3+ 23. Nxg3 Nd3 24. Rc2 Rfc8 25.
Rd2 Nxb2 26. Rxb2 d3 27. Rd2 Rc2 28. Rfd1 Rac8 29. e5 h6 30. Ne4 Bd4 31. e6 fxe6 32. fxe6 Re8 33. Rxd3 Ba7 34. Rd8 Kf8 35. R1d7 Rxd8 36.
e7+ 1-0

[Event "*** Titled Tuesday Blitz"]
[Site "Chess.com"]
[Date "2021.02.09"]
[Round "8"]
[White "shaheus"]
[Black "KetiGrant"]
[Result "1-0"]
[WhiteElo "2403"]
[BlackElo "2348"]
[TimeControl "180+1"]
[EndTime "11:29:25 PST"]
[Termination "shaheus won on time"]

1. e4 c5 2. Nf3 Nc6 3. c3 d5 4.
exd5 Qxd5 5. Qb3 Nf6 6. Na3 Bg4 7. Be2 O-O-O 8. O-O e5 9. h3 Bxf3 10. Bxf3 e4 11. Be2 Qxb3 12. axb3 Be7 13. Rd1 Na5 14.
Nc4 Nxb3 15. Rxa7 Kb8 16. Ra3 Nxc1 17. Rxc1 Nd5 18. g3 f5 19. d3 Nf6 20. dxe4 Nxe4 21.
Ne5 Rhf8 22. Rd1 Bd6 23. Nc4 Bc7 24. Raa1 f4 25. g4 f3 26. Bd3 Ng5 27. h4 Nh3+ 28. Kf1 g6 29. Be4 Rde8 30. Re1 Rf4 31. Nd2 Rxg4 32.
Nxf3 Rgxe4 33. Rxe4 Rxe4 34. Rd1 Nf4 35. Rd7 1-0

[Event "*** Titled Tuesday Blitz"]
[Site "Chess.com"]
[Date "2021.02.09"]
[Round "8"]
[White "Evgeny81"]
[Black "LiamVrolijk"]
[Result "0-1"]
[WhiteElo "2750"]
[BlackElo "2893"]
[TimeControl "180+1"]
[EndTime "11:29:26 PST"]
[Termination "LiamVrolijk won by resignation"]

1. e4 e5 2. Nf3 Nc6 3. Bb5 Nf6 4. O-O Nxe4 5. d4 Nd6 6. Bxc6 dxc6 7. dxe5 Nf5 8. Qxd8+ Kxd8 9. Nc3 Be7 10. h3 Nh4 11. Nd4 Nf5 12. Nde2 h5 13. Ne4 Be6 14. Nf4 Ke8 15. Nxe6 fxe6 16. Rd1 Rd8 17. Bg5 Rd5 18. f4 Ne3 19. Rdc1 Rd4 20. Bxe7 Kxe7 21. Nc5 b6 22.
Nd3 c5 23. Kf2 Nd5 24. g3 h4 25. Rg1 c4 26. Ne1 hxg3+ 27. Rxg3 Rxf4+ 28. Kg1 Kf7 29. Nf3 Rh5 30. Ng5+ Ke7 31. Re1 Rf5 32. Nf3 Kf7 33. Re4 Nf4 34. Nd4 Nxh3+ 35. Rxh3 Rxh3 36. Nxf5 exf5 37. Rxc4 c5 38. b4 Rg3+ 39. Kf1 Rg4 40. Rc3 Rxb4 41.
Rd3 Rd4 42. Ra3 Rd7 43. Re3 Ke6 44. Ke2 f4 0-1

[Event "*** Titled Tuesday Blitz"]
[Site "Chess.com"]
[Date "2021.02.09"]
[Round "8"]
[White "zmeeed67"]
[Black "CoachHakia"]
[Result "0-1"]
[WhiteElo "2293"]
[BlackElo "2169"]
[TimeControl "180+1"]
[EndTime "11:29:26 PST"]
[Termination "CoachHakia won by checkmate"]

1. e4 d5 2. Nc3 d4 3. Nce2 e5 4. Ng3 Be6 5. Bb5+ c6 6. Ba4 Nd7 7. Bb3 Bxb3 8. axb3 g6 9. d3 Bd6 10. Nf3 f6 11. O-O Ne7 12. h3 Qc7 13. Nh2 Nf8 14. Ng4 Nd7 15. Bh6 Rg8 16. Qf3 f5 17. exf5 gxf5 18.
Nxf5 Nxf5 19. Qxf5 O-O-O 20. Rxa7 Kb8 21. Rfa1 Nb6 22.
Nf6 Rg6 23. Ng4 Qe7 24. Bd2 Rf8 25. Qh5 Qf7 26. R7a2 Bc7 27. Ba5 Rxg4 28. Qxg4 Qxf2+ 29.
Kh1 e4 30. Rg1 e3 31. Bxb6 Bxb6 32. Raa1 e2 33. Rae1 Re8 34. Qg7 Bc7 35. Qxh7 Qg3 36. Qxc7+ Qxc7 37. g3 Qe5 38. Kh2 Qe3 39. Rg2 Qd2 40.
Rgg1 Rf8 41. Kg2 Qe3 42. Kh1 Rf2 43. h4 Qf3+ 44. Rg2 Qxg2# 0-1

[Event "*** Titled Tuesday Blitz"]
[Site "Chess.com"]
[Date "2021.02.09"]
[Round "8"]
[White "LilRag"]
[Black "bascheyaro"]
[Result "0-1"]
[WhiteElo "2602"]
[BlackElo "2743"]
[TimeControl "180+1"]
[EndTime "11:29:28 PST"]
[Termination "bascheyaro won by resignation"]

1. c4 e5 2. Nc3 c5 3. g3 Nc6 4. Bg2 g6 5. d3 Bg7 6. e4 d6 7. Nge2 Nge7 8. O-O O-O 9. h3 Nd4 10. Be3 Nec6 11. f4 f5 12. Kh2 fxe4 13. Bxe4 Be6 14. Qd2 Qd7 15. Bg2 Rae8 16. Rae1 a6 17. Nd5 b5 18. b3 b4 19. fxe5 Nxe2 20. Qxe2 Bxe5 21. Rxf8+ Rxf8 22. Bh6 Rf7 23. Nf4 Nd4 24. Qe4 Re7 25. Nxe6 Nxe6 26. Rf1 Bg7 27. Bxg7 Kxg7 28. Qa8 Rf7 29.
Re1 Nd4 30. Qxa6 Rf2 31. Qa8 Nf3+ 32. Qxf3 Rxf3 33. Bxf3 Qf5 34. Re3 Qg5 35. Re2 Qc1 36.
Kg2 Qb1 37. Be4 Kf6 38. d4 Qd1 39. Rf2+ Kg7 40. dxc5 dxc5 41. Bd5 h5 42. Rf7+ Kh6 43.
h4 Qd4 44. Rf2 g5 45. hxg5+ Kxg5 46. Rf4 Qe3 47. Rf3 Qe5 48. Rf2 h4 49. gxh4+ Kxh4 50. Kf1 Kh3 51. Bg2+ Kg4 52. Kg1 Qe1+ 53. Bf1 Qe3 54. Kg2 Qg3+ 55. Kh1 Qxf2 0-1

[Event "*** Titled Tuesday Blitz"]
[Site "Chess.com"]
[Date "2021.02.09"]
[Round "8"]
[White "Manukyan_Artak"]
[Black "Cuajada_Zero"]
[Result "1-0"]
[WhiteElo "2355"]
[BlackElo "2192"]
[TimeControl "180+1"]
[EndTime "11:29:28 PST"]
[Termination "Manukyan_Artak won on time"]

1. e4 c6 2. d4 d5 3. e5 Bf5 4. c4 e6 5. Nc3 Ne7 6. Nf3 Nd7 7. Nh4 Bg6 8. Bg5 Qb6 9. Qd2 Nf5 10. Nxf5 Bxf5 11. cxd5 cxd5 12. Bb5 Rc8 13. O-O a6 14. Bxd7+ Kxd7 15. Rac1 Bb4 16. h3 Rc4 17. Be3 Rhc8 18. a3 Bxc3 19. Rxc3 Rxc3 20. bxc3 Qb3 21. Rc1 Qxa3 22.
g4 Bg6 23. h4 h6 24. h5 Be4 25.
Kh2 b5 26. Kg3 b4 27. cxb4 Rxc1 28. Qxc1 Qxc1 29. Bxc1 Kc6 30. g5 hxg5 31. Bxg5 Kb5 32. Be7 Kc4 33. Bc5 Kd3 34. f3 Bf5 35. Kf4 Bh7 36.
Kg5 Ke3 37. f4 Ke4 38. Bf8 g6 39. h6 Kxd4 40. Kf6 g5 41. fxg5 Ke4 42. Kxf7 Kf5 43.
Kg7 Bg6 44. Bc5 1-0

[Event "*** Titled Tuesday Blitz"]
[Site "Chess.com"]
[Date "2021.02.09"]
[Round "8"]
[White "Zhigalko_Sergei"]
[Black "Vanina1989"]
[Result "0-1"]
[WhiteElo "2881"]
[BlackElo "2739"]
[TimeControl "180+1"]
[EndTime "11:29:31 PST"]
[Termination "Vanina1989 won on time"]

1. e4 c6 2. d4 d5 3. e5 Bf5 4.
Nf3 e6 5. Be2 Nd7 6. O-O h6 7.
Nbd2 Ne7 8. Nb3 g5 9. Ne1 Bg7 10. f4 Qc7 11. Nd3 b6 12. Be3 gxf4 13. Nxf4 O-O-O 14. c4 dxc4 15. Nd2 Nd5 16. Nxd5 cxd5 17. Rc1 Kb8 18. b3 c3 19. Bb5 Nxe5 20. dxe5 d4 21.
Bf2 Bxe5 22. Nf3 Bf4 23. Bd3 Bxc1 24. Qxc1 Bxd3 25. Bg3 Rd6 26. Rd1 Be4 27. Rxd4 Bd5 28. Bxd6 Qxd6 29. Qxc3 Rg8 30. Qd2 Qc5 31. Kf1 f5 32.
Ne5 Qc7 33. Qf4 Ka8 34. g3 Qc2 35. Rd2 Qc1+ 36. Kf2 Rc8 37. Nd3 Qh1 38. Ke3 Rc3 39.
Kd4 Qa1 40. Ke3 Be4 41. Qxh6 Bxd3 42. Rxd3 Qc1+ 43. Kd4 Rxd3+ 44. Kxd3 Qxh6 0-1

[Event "*** Titled Tuesday Blitz"]
[Site "Chess.com"]
[Date "2021.02.09"]
[Round "8"]
[White "zeitnot2006"]
[Black "NovikovaGalina"]
[Result "1-0"]
[WhiteElo "2530"]
[BlackElo "2391"]
[TimeControl "180+1"]
[EndTime "11:29:31 PST"]
[Termination "zeitnot2006 won by resignation"]

1. e4 e6 2. b3 d5 3. Bb2 dxe4 4.
Nc3 Nf6 5. g4 h6 6. Bg2 Bd7 7.
Nxe4 Nxe4 8. Bxe4 Bc6 9. Qe2 Bxe4 10. Qxe4 Nc6 11. Nf3 Qd5 12. Qxd5 exd5 13. O-O-O O-O-O 14.
h4 d4 15. h5 Bc5 16. Rde1 Rhe8 17. a3 a5 18. a4 Kd7 19. Kd1 Kd6 20. Nh4 Rxe1+ 21.
Rxe1 Ne7 22. f4 g6 23. Nf3 Nc6 24. hxg6 fxg6 25. Rh1 Rh8 26. Nh4 Ne7 27. Nf3 Nc6 28. c3 Kd5 29. Nh4 Ne7 30. Kc2 g5 31. Ng2 gxf4 32.
Nxf4+ Ke4 33. Ne6 d3+ 34. Kd1 Bf2 35. c4 c6 36. Bxh8 Ng6 37. Bc3 Kf3 38. Rxh6 Nh4 39.
Rf6+ Kxg4 40. Rxf2 1-0

[Event "*** Titled Tuesday Blitz"]
[Site "Chess.com"]
[Date "2021.02.09"]
[Round "8"]
[White "WonderChampion"]
[Black "HanSchut"]
[Result "1/2-1/2"]
[WhiteElo "2076"]
[BlackElo "2274"]
[TimeControl "180+1"]
[EndTime "11:29:31 PST"]
[Termination "Game drawn by agreement"]

1. d4 Nf6 2. Bg5 d5 3. Nd2 c6 4. Ngf3 Bf5 5. e3 Ne4 6. Nxe4 dxe4 7. Nd2 Bg6 8. c4 Nd7 9. h4 h6 10. Bf4 Qa5 11. a3 e5 12. b4 Qc7 13. dxe5 Nxe5 14. Be2 Bd6 15. c5 Be7 16. Nc4 Bf6 17. Nd6+ Ke7 18. Nc4 Rhd8 19. Nd6 Kf8 20. h5 Bh7 21. Qb3 Qe7 22. Rd1 Nd3+ 23. Bxd3 exd3 24. O-O Kg8 25. Nc4 Qe6 26. a4 Qf5 27. Nd6 Qxh5 28. Nxb7 Rd7 29. Nd6 g5 30. Bh2 Be7 31. b5 cxb5 32. axb5 Bxd6 33.
Bxd6 Qg6 34. Qd5 Rad8 35. Qf3 Rxd6 36. cxd6 Qxd6 37. Qc6 Qxc6 38. bxc6 Rc8 39. Rc1 Kf8 40. Rfd1 Rc7 41. Rd2 g4 42. f3 h5 43. e4 gxf3 44.
gxf3 f5 45. Rxd3 fxe4 46. fxe4 Bxe4 47. Rd7 Rxc6 48. Rxc6 Bxc6 49. Rxa7 Bf3 1/2-1/2

[Event "*** Titled Tuesday Blitz"]
[Site "Chess.com"]
[Date "2021.02.09"]
[Round "8"]
[White "AlexOstrovskiy"]
[Black "albi1999"]
[Result "1-0"]
[WhiteElo "2768"]
[BlackElo "2622"]
[TimeControl "180+1"]
[EndTime "11:29:32 PST"]
[Termination "AlexOstrovskiy won by resignation"]

1. d4 d5 2. Bf4 c5 3. e3 Nc6 4. c3 Nf6 5. Nd2 e6 6. Ngf3 Nh5 7. Bg5 f6 8. Bh4 g6 9. Bd3 cxd4 10.
cxd4 Be7 11. a3 Bd7 12. Rc1 O-O 13. Qc2 Ng7 14. e4 Rc8 15. Qb1 dxe4 16. Nxe4 Nf5 17.
Bg3 Ncxd4 18. Nxd4 Rxc1+ 19. Qxc1 Nxd4 20. O-O Qb6 21. Rd1 e5 22. Nc3 Be6 23. Qb1 Kg7 24. Be4 Rd8 25. Re1 Qb3 26. h4 Bf7 27. h5 b5 28.
Re3 Qc4 29. Bh2 b4 30. axb4 Bxb4 31. Bd3 Qc8 32. Ne4 Be7 33. Rh3 Be6 34. Rh4 Nf5 35. Rh3 Nd4 36. Rh4 f5 37. Bxe5+ Kf7 38. hxg6+ Kxg6 39. Rh3 fxe4 40. Bxe4+ Bf5 41. g4 Qc1+ 42. Qxc1 Ne2+ 43.
Kh2 Nxc1 44. Bxf5+ Kf7 45. Rxh7+ Ke8 46. Rh8+ 1-0

[Event "*** Titled Tuesday Blitz"]
[Site "Chess.com"]
[Date "2021.02.09"]
[Round "8"]
[White "Kaliopa"]
[Black "DinaBelenkaya"]
[Result "0-1"]
[WhiteElo "2185"]
[BlackElo "2347"]
[TimeControl "180+1"]
[EndTime "11:29:32 PST"]
[Termination "DinaBelenkaya won by resignation"]

1. e4 d5 2. exd5 Qxd5 3. Nc3 Qa5 4. d4 Nf6 5. Bc4 c6 6. Nf3 Bf5 7. Qe2 e6 8. Bd2 Qb6 9. O-O-O Nbd7 10. Ne5 Qxd4 11.
Nxd7 Qxd7 12. Bg5 Qc7 13. Bxf6 gxf6 14. Kb1 Be7 15. g4 Bg6 16. Rhe1 h5 17. h3 Rd8 18.
Rxd8+ Qxd8 19. f4 hxg4 20. hxg4 f5 21. g5 Qd6 22. Qe3 Rh4 23. Ne2 Bh5 24. Rf1 Bxg5 25.
fxg5 Rxc4 26. Qh3 Bxe2 27. Qh8+ Kd7 28. Rc1 Kc7 29. Qg7 Qd2 30. Qxf7+ Kb6 31. Qxe6 Rxc2 32.
Qb3+ Kc7 33. Qf7+ Kb6 34. Qb3+ Kc7 35. Qf7+ Kd8 36. Qf8+ Kd7 37. Qf7+ Kd6 38. Qf6+ Kc5 39. Qxf5+ Kb6 40. Qf2+ Ka6 41. Rxc2 Qd1+ 42. Rc1 Bd3+ 43. Qc2 Bxc2+ 0-1

[Event "*** Titled Tuesday Blitz"]
[Site "Chess.com"]
[Date "2021.02.09"]
[Round "8"]
[White "frazier69"]
[Black "Margency"]
[Result "0-1"]
[WhiteElo "2518"]
[BlackElo "2651"]
[TimeControl "180+1"]
[EndTime "11:29:33 PST"]
[Termination "Margency won on time"]

1. e4 c5 2. Nf3 d6 3. d4 cxd4 4. Nxd4 Nf6 5. Nc3 a6 6. Be2 e6 7. O-O Be7 8. a4 Nc6 9. Be3 O-O 10. f4 Qc7 11. Bd3 Bd7 12. Kh1 Nb4 13. a5 Rac8 14. Nf3 Bc6 15. Bd4 Nd7 16. Qe1 e5 17. Be3 exf4 18. Bxf4 Ne5 19. Nxe5 dxe5 20. Be3 Nxd3 21.
cxd3 Qd7 22. Rd1 Qe6 23. Qg3 Rfd8 24. Bb6 Rd7 25. Rf3 Bb4 26. Rdf1 Rf8 27. Ne2 Bb5 28. Nc3 Bc6 29. Ne2 f6 30. h3 Qf7 31. Rxf6 Qxf6 32. Rxf6 Rxf6 33. Nc3 Re6 34. Qg4 Rg6 35. Qf5 Rxd3 36. Nd5 Rd1+ 37. Kh2 Bf8 38. Qc8 Bxd5 39. exd5 Rd2 40. Bc5 Rf6 0-1

[Event "*** Titled Tuesday Blitz"]
[Site "Chess.com"]
[Date "2021.02.09"]
[Round "8"]
[White "NiranjanNavalgund"]
[Black "dpopadic"]
[Result "1-0"]
[WhiteElo "2503"]
[BlackElo "2327"]
[TimeControl "180+1"]
[EndTime "11:29:33 PST"]
[Termination "NiranjanNavalgund won by resignation"]

1. e4 c5 2. d4 cxd4 3. c3 d3 4. Bxd3 Nc6 5. c4 d6 6. Nf3 Nf6 7. O-O g6 8. Nc3 Bg7 9. b3 O-O 10. Bb2 Bd7 11. Rc1 a6 12. Nd5 Nxd5 13. Bxg7 Kxg7 14.
exd5 Na7 15. Re1 Re8 16. Qd2 b5 17. h4 h5 18. Re3 e5 19. dxe6 Rxe6 20. Rce1 Qf6 21.
Rxe6 Bxe6 22. Be4 Rd8 23. Bd5 bxc4 24. bxc4 Bxd5 25. Qxd5 Rc8 26. Re4 Nc6 27. Ng5 Nd8 28.
g3 Rc5 29. Qd3 Rf5 30. Qd2 Nc6 31. Re8 Qd4 32. Qxd4+ Nxd4 33. Rd8 Ra5 34. Rxd6 Nf5 35. Rd7 Nh6 36. c5 Kf8 37. c6 Rc5 38. c7 Rc1+ 39. Kg2 Kg7 40. Ne6+ Kf6 41. Nf4 Nf5 42. Nd5+ Ke6 43.
Rd8 Nd6 44. Nf4+ Ke7 45. Ra8 Rxc7 46. Nd5+ Kd7 47. Nxc7 Kxc7 48. Rxa6 1-0

[Event "*** Titled Tuesday Blitz"]
[Site "Chess.com"]
[Date "2021.02.09"]
[Round "8"]
[White "Guzman70"]
[Black "Eternauta2400"]
[Result "0-1"]
[WhiteElo "2245"]
[BlackElo "2383"]
[TimeControl "180+1"]
[EndTime "11:29:33 PST"]
[Termination "Eternauta2400 won by checkmate"]

1. d4 Nf6 2. Bf4 d6 3. Nc3 g6 4. e4 Bg7 5. Qd2 Nbd7 6. O-O-O O-O 7. Bh6 c5 8. dxc5 Nxc5 9. f3 Be6 10. h4 a6 11. h5 Qa5 12. Nge2 b5 13. Bxg7 Kxg7 14.
hxg6 fxg6 15. Qh6+ Kg8 16. Nd4 Bf7 17. a3 b4 18. axb4 Qxb4 19. Nc6 Qb7 20. Nd5 Bxd5 21. exd5 Na4 22. b3 Nc3 23. Rd3 Ncxd5 24. Rxd5 Qxc6 25. Bc4 e6 26. Rg5 Kf7 27. Re1 d5 28. Bd3 Qc3 29.
Bxg6+ hxg6 30. Qxg6+ Ke7 31. Rge5 Qa1+ 32. Kd2 Qa5+ 33.
Kc1 Qa1+ 34. Kd2 Qa5+ 35. Kc1 Kd7 36. Rxe6 Rae8 37. Qg7+ Kc8 38. Rc6+ Kb8 39. Rxe8+ Rxe8 40. Qxf6 Re1+ 41. Kb2 Qa1# 0-1

[Event "*** Titled Tuesday Blitz"]
[Site "Chess.com"]
[Date "2021.02.09"]
[Round "8"]
[White "Brave_spirit12"]
[Black "vovachesss"]
[Result "1-0"]
[WhiteElo "2506"]
[BlackElo "2716"]
[TimeControl "180+1"]
[EndTime "11:29:34 PST"]
[Termination "Brave_spirit12 won on time"]

1. e4 e5 2. Nf3 d5 3. Nc3 dxe4 4. Nxe4 Nf6 5. Nxf6+ Qxf6 6. d3 Bd6 7. Bg5 Qg6 8.
Qd2 O-O 9. O-O-O Be6 10. Kb1 Nc6 11. Nh4 Qh5 12. Be2 Bg4 13. f3 h6 14. Be3 Be6 15. g3 f5 16. f4 Qf7 17. a3 b5 18. Nf3 b4 19. a4 b3 20. c3 Qd7 21. d4 e4 22. d5 Ne7 23. Bb5 Qc8 24. dxe6 exf3 25.
Bd7 Qb7 26. Bd4 Rad8 27. Qe3 Qa6 28. Bc5 Rxd7 29. exd7 Qxa4 30. Ba3 Kh7 31. Rxd6 cxd6 32. Qxe7 Rd8 33. Qe6 Qxd7 34. Qxd7 Rxd7 35. Rf1 d5 36.
Rxf3 d4 37. Rd3 Re7 38. Bxe7 1-0

[Event "*** Titled Tuesday Blitz"]
[Site "Chess.com"]
[Date "2021.02.09"]
[Round "8"]
[White "Forantes"]
[Black "hypert"]
[Result "1-0"]
[WhiteElo "2396"]
[BlackElo "2503"]
[TimeControl "180+1"]
[EndTime "11:29:34 PST"]
[Termination "Forantes won by checkmate"]

1. e4 c5 2. Nf3 e6 3. d4 cxd4 4. Nxd4 Nc6 5. Nc3 Qc7 6. Be3 a6 7.
Be2 Nf6 8. O-O Be7 9. f3 O-O 10. Qd2 d6 11. Rad1 b5 12. Nxc6 Qxc6 13. a3 Bb7 14.
Bg5 Rfd8 15. Bd3 Qc5+ 16. Be3 Qc7 17. Ne2 d5 18. exd5 Nxd5 19. Bf2 Bd6 20. Bg3 Bxg3 21. Nxg3 Nf4 22. Qe3 Nxd3 23. cxd3 Rac8 24. d4 Qd6 25. Ne4 Bxe4 26. fxe4 Rc4 27. d5 exd5 28. Rxd5 Qe7 29. Rfd1 Re8 30. e5 h6 31. Qg3 Qe6 32. Qf2 Rg4 33.
g3 Rg5 34. Rd6 Qxe5 35. Rxa6 Rf5 36. Qd4 Qe2 37. Rd6 Rf3 38. Rd8 Rxd8 39. Qxd8+ Kh7 40. Qd4 g6 41. Qd2 Qe4 42. Qd4 Qf5 43. Re1 h5 44. Re8 Rf1+ 45. Kg2 Qf3+ 46. Kh3 Qg4+ 47. Kg2 Qe2+ 48.
Rxe2 Rf5 49. Re8 h4 50. Rh8# 1-0

[Event "*** Titled Tuesday Blitz"]
[Site "Chess.com"]
[Date "2021.02.09"]
[Round "8"]
[White "Mbneu"]
[Black "PawnEatingZombie"]
[Result "1-0"]
[WhiteElo "2290"]
[BlackElo "2116"]
[TimeControl "180+1"]
[EndTime "11:29:35 PST"]
[Termination "Mbneu won on time"]

1. d4 d5 2. c4 e6 3. Nc3 Bb4 4. g3 Nf6 5. Bg2 O-O 6. cxd5 exd5 7. Nf3 c6 8. O-O Bf5 9. Bf4 Nbd7 10. Rc1 h6 11. a3 Bxc3 12. bxc3 b5 13. Ne5 Nxe5 14. Bxe5 Ng4 15. Bf4 g5 16. Bd2 Nf6 17. h4 Ne4 18. Bxe4 Bxe4 19. f3 Bg6 20. hxg5 hxg5 21. Rf2 f6 22. Rh2 Qd6 23. Kf2 Kg7 24. Qb3 Rh8 25.
Rch1 Rxh2+ 26. Rxh2 Re8 27. Qb4 Qe6 28. Kf1 Qf5 29. Qd6 Qe6 30. Qxe6 Rxe6 31. Kf2 Re8 32. Rh1 Rb8 33. Ra1 Rb6 34. a4 Ra6 35. a5 Bf7 36. Ke1 Be6 37. Kd1 Kf7 38. Kc1 Ke7 39. Kb2 Kd6 40.
Be3 Bf5 41. Kb3 Bg6 42. Kb4 f5 43. Rh1 f4 44. Rh6 1-0

[Event "*** Titled Tuesday Blitz"]
[Site "Chess.com"]
[Date "2021.02.09"]
[Round "8"]
[White "esteban062000"]
[Black "Kale36"]
[Result "0-1"]
[WhiteElo "2144"]
[BlackElo "2241"]
[TimeControl "180+1"]
[EndTime "11:29:36 PST"]
[Termination "Kale36 won by resignation"]

1. Nf3 Nc6 2. c4 e5 3. Nc3 Bc5 4. d3 d6 5. g3 Bg4 6. Bg2 Qd7 7. Be3 Bxe3 8. fxe3 Nge7 9. Qd2 O-O 10. h3 Bh5 11.
O-O-O d5 12. g4 Bg6 13. cxd5 Nxd5 14. Nh4 Ndb4 15. Nxg6 hxg6 16. a3 a5 17. h4 Qe6 18.
h5 g5 19. h6 gxh6 20. Rh2 Kg7 21. Rdh1 Rh8 22. Qe1 Qb3 23. Qd2 Na2+ 24. Nxa2 Qxa2 25.
Kc2 Qe6 26. Qc3 f6 27. Be4 Rad8 28. Bf5 Qd5 29. e4 Nd4+ 30. Kd1 Qb3+ 31. Ke1 Qxc3+ 32. bxc3 Nb5 33. Kd2 Nd6 34. Rb1 b6 35. Ke3 Nxf5+ 36. exf5 Rh7 37. Rb5 Kf7 38. c4 Ke7 39. c5 Rb8 40. c6 Kd6 41. Rh1 Kxc6 42. Rb3 Kb7 43. Rc3 Rbh8 44. Rhc1 Rd7 45. Rc6 Rf7 46. Re6 h5 47.
Rh1 h4 48. Ke4 h3 49. d4 h2 50. dxe5 fxe5 51. Kxe5 Rd7 52. Rg6 Rd2 53. e4 Rg2 54.
Rxg5 Rg1 55. Rxh2 Rxh2 56. Kf6 Re1 57. e5 Kc6 58. e6 Kd6 59. Kf7 Rf2 60. Rg6 c5 61.
e7+ Kd7 62. Re6 Rxe6 63. Kg8 Rxe7 0-1

[Event "*** Titled Tuesday Blitz"]
[Site "Chess.com"]
[Date "2021.02.09"]
[Round "8"]
[White "WPWPWP-2015"]
[Black "andrzej"]
[Result "1-0"]
[WhiteElo "2487"]
[BlackElo "2336"]
[TimeControl "180+1"]
[EndTime "11:29:37 PST"]
[Termination "WPWPWP-2015 won on time"]

1. d4 Nf6 2. c4 c5 3. Nf3 cxd4 4.
Nxd4 g6 5. Nc3 Bg7 6. g3 Nc6 7.
Nc2 O-O 8. Bg2 d6 9. O-O Bg4 10. Ne3 Bd7 11. Bd2 Rc8 12. Rc1 a6 13. b3 Nd4 14.
Bxb7 Bc6 15. Bxc6 Rxc6 16. Nc2 Nf5 17. e4 Nh6 18. Nb4 Rb6 19. Nbd5 Nxd5 20. Nxd5 Rb7 21.
Rc2 f5 22. Qe2 e6 23. Nf4 Re7 24. Rd1 fxe4 25. Qxe4 Nf5 26. Bb4 Be5 27. Qxe5 dxe5 28. Rxd8 Rxd8 29. Bxe7 Rd1+ 30. Kg2 exf4 31. Bf6 Kf7 32.
Be5 g5 33. gxf4 Nh4+ 34. Kh3 Ng6 35. Bb8 gxf4 36. Kg4 Kf6 37. c5 Rd3 38. c6 h5+ 39. Kxh5 Kf5 40. Kh6 Kf6 41. h4 Nxh4 42. Bxf4 Nf5+ 43.
Kh5 Rd4 44. Bg5+ Kf7 45. f4 Ng7+ 46. Kg4 e5 47. c7 1-0

[Event "*** Titled Tuesday Blitz"]
[Site "Chess.com"]
[Date "2021.02.09"]
[Round "8"]
[White "LubovMarkelova"]
[Black "ega2006"]
[Result "0-1"]
[WhiteElo "2254"]
[BlackElo "2412"]
[TimeControl "180+1"]
[EndTime "11:29:37 PST"]
[Termination "ega2006 won by resignation"]

1. d4 Nf6 2. Nf3 g6 3. c4 Bg7 4. Nc3 d6 5. e4 O-O 6. Be2 Nbd7 7.
h3 e5 8. d5 a5 9. Be3 Ne8 10. g4 Nc5 11. Nd2 c6 12. Qc2 Nc7 13. O-O-O Bd7 14. dxc6 Bxc6 15. Nd5 N7e6 16. Nb3 Ba4 17.
Nc3 Bxb3 18. axb3 Nd4 19. Bxd4 exd4 20. Nb5 Qb6 21. Bd3 Ne6 22. Kb1 Qc5 23. Qd2 Be5 24.
h4 Bf4 25. Qe1 Qe5 26. g5 Rfc8 27. h5 Bxg5 28. hxg6 hxg6 29. Qf1 Kg7 30. Re1 Rh8 31. Qg2 a4 32. b4 Bd2 33. Rd1 Bxb4 34. Rxh8 Rxh8 35.
Qf3 Rh2 36. Rg1 Bd2 37. Kc2 Bf4 38. Ra1 Nc5 39. Rf1 Be3 40. Qe2 Qf4 41. Nc7 Bxf2 42.
Rxf2 0-1

[Event "*** Titled Tuesday Blitz"]
[Site "Chess.com"]
[Date "2021.02.09"]
[Round "8"]
[White "Kapibara_Warri0r"]
[Black "Loy_Konstantin"]
[Result "0-1"]
[WhiteElo "2198"]
[BlackElo "2382"]
[TimeControl "180+1"]
[EndTime "11:29:37 PST"]
[Termination "Loy_Konstantin won by checkmate"]

1. d4 Nf6 2. Nf3 g6 3. c3 Bg7 4. Bf4 O-O 5. h3 b6 6. Bh2 Bb7 7. e3 d6 8. Be2 Nbd7 9. O-O Ne4 10. Nbd2 e5 11. Ne1 Nxd2 12. Qxd2 f5 13. Bc4+ Kh8 14. Nd3 Qg5 15. f4 Qe7 16. fxe5 dxe5 17. dxe5 Nxe5 18.
Nxe5 Bxe5 19. Bxe5+ Qxe5 20. Qd4 Rae8 21. Rad1 Bc6 22.
Rfe1 Re7 23. Bd5 Bxd5 24. Qxd5 Qxd5 25. Rxd5 Rfe8 26. Kf2 Kg7 27. Kf3 Kf6 28. g4 Re5 29. Rd7 R8e7 30. Rd8 fxg4+ 31. hxg4 h5 32. gxh5 Rxh5 33.
e4 Rh2 34. e5+ Ke6 35. Rg1 Rxb2 36. Rxg6+ Kxe5 37. c4 Kf5 38. Rc6 Rxa2 39. Rf8+ Ke5 40. Rh8 Ra3+ 41. Ke2 Kd4+ 42. Kd2 Ra2+ 43. Kd1 Kd3 44.
Rh3+ Re3 45. Rxe3+ Kxe3 46. Rxc7 Kd3 47. c5 Ra1# 0-1

[Event "*** Titled Tuesday Blitz"]
[Site "Chess.com"]
[Date "2021.02.09"]
[Round "8"]
[White "vinniethepooh"]
[Black "kuban1991"]
[Result "0-1"]
[WhiteElo "2755"]
[BlackElo "2900"]
[TimeControl "180+1"]
[EndTime "11:29:38 PST"]
[Termination "kuban1991 won by checkmate"]

1. d4 g6 2. c4 Bg7 3. Nc3 c5 4. d5 Bxc3+ 5. bxc3 f5 6. h4 Nf6 7. h5 Rg8 8. hxg6 hxg6 9. Nf3 Qa5 10. Qd3 d6 11. Ng5 Nbd7 12. Bf4 Nb6 13. f3 Bd7 14.
Nh7 Nh5 15. Bd2 O-O-O 16. Kf2 Qa4 17. e3 e5 18. Ng5 Rde8 19. e4 Nf6 20. Be2 fxe4 21.
Nxe4 Nxe4+ 22. Qxe4 Bf5 23. Qh4 Qc2 24. Rad1 e4 25.
Rhe1 Qxa2 26. Qf4 Re5 27. g4 exf3 28. Bxf3 Nxc4 29. gxf5 Rxf5 30. Bg4 Rf8 31. Kg3 Kc7 32. Bxf5 Rxf5 33. Re7+ Kb6 34. Qe4 Nxd2 35. Rxd2 Qxd2 36.
Qb1+ Ka5 37. Qa1+ Kb5 38. Rxb7+ Kc4 39. Qa4+ Kd3 40. Qb5+ c4 41. Qb1+ Qc2 42. Qe1 Qxc3 43. Qe6 Kd2+ 44. Kg4 Qf3+ 45. Kh4 Rh5# 0-1

[Event "*** Titled Tuesday Blitz"]
[Site "Chess.com"]
[Date "2021.02.09"]
[Round "8"]
[White "bugsbunny444"]
[Black "woodhy"]
[Result "1/2-1/2"]
[WhiteElo "2592"]
[BlackElo "2465"]
[TimeControl "180+1"]
[EndTime "11:29:38 PST"]
[Termination "Game drawn - insufficient material"]

1. Nf3 b6 2. g3 Bb7 3. Bg2 Nf6 4. O-O g6 5. c4 Bg7 6. b4 Ne4 7.
d4 O-O 8. Bb2 c5 9. b5 d6 10.
Qc2 Nd7 11. d5 Bxb2 12. Qxb2 a6 13. a4 axb5 14. axb5 Rxa1 15. Qxa1 Qa8 16. Nbd2 Nxd2 17. Nxd2 Qxa1 18. Rxa1 Ra8 19. Rxa8+ Bxa8 20. f4 Bb7 21.
Bh3 Nf8 22. e4 e6 23. Kf2 Bc8 24. e5 dxe5 25. fxe5 Kg7 26. Ke3 Bd7 27. d6 Bc8 28. Bg2 Nd7 29. Kf4 h6 30. h4 g5+ 31. hxg5 hxg5+ 32. Kxg5 Nxe5 33. Bc6 Bd7 34. Kf4 Nxc6 35. bxc6 Bxc6 36.
Ke5 Bd7 37. Ne4 Bc6 38. Nf6 b5 39. cxb5 Bxb5 40. d7 Bxd7 41. Nxd7 c4 42. Nc5 c3 43. Nd3 c2 44. Kd4 Kf6 45. Kc3 Kf5 46. Kxc2 Kg4 47. Ne5+ Kxg3 48. Nxf7 Kf4 49. Kd3 e5 50. Nxe5 1/2-1/2